 Dungeon Crawl Stone Soup version 0.27-a0-1200-g94dc6ad4cf (webtiles) character file.

Game seed: 11290332325570574670

57 deadmanwalking the Digger (level 4, -5/24 HPs)
             Began as a Gargoyle Earth Elementalist on June 1, 2021.
             Slain by a gnoll
             ... wielding a +0 flail
              (7 damage)
             ... on level 1 of the Dungeon.
             The game lasted 00:05:35 (2121 turns).

deadmanwalking the Digger (GrEE)                    Turns: 2121, Time: 00:05:37

Health: -5/24      AC:  5    Str: 11    XL:     4   Next: 0%
Magic:  1/8        EV: 11    Int: 17    God:
Gold:   86         SH:  0    Dex: 10    Spells: 4/8 levels left

rFire    . . .     SeeInvis .   a - +0 dagger
rCold    . . .     Faith    .   (no shield)
rNeg     + . .     Spirit   .   c - +0 robe
rPois    ∞         Reflect  .   (no helmet)
rElec    +         Harm     .   (no cloak)
rCorr    .         Rampage  .   (no gloves)
Will     .....                  (no boots)
Stlth    ++........             (no amulet)
HPRegen  0.08/turn              (no ring)
MPRegen  0.11/turn              (no ring)

@: no status effects
A: sickness immunity, AC +3, negative energy resistance 1, electricity
resistance, torment resistance 1, petrification resistance
a: no special abilities


You were on level 1 of the Dungeon.
You visited 1 branch of the dungeon, and saw 2 of its levels.

You collected 86 gold pieces.

Inventory:

Hand Weapons
 a - a +0 dagger (weapon)
Missiles
 b - 15 stones
 g - 19 bolts
 h - 9 poisoned darts
Armour
 c - a +0 robe (worn)
Magical Staves
 d - a staff of conjuration
Scrolls
 f - a scroll of fog {unknown}
Potions
 e - a potion of heal wounds {unknown}


   Skills:
 - Level 1.5 Dodging
 - Level 2.1 Stealth
 + Level 2.9 Spellcasting
 + Level 1.1 Conjurations
 - Level 0.7 Transmutations
 + Level 4.6 Earth Magic


You had 4 spell levels left.
You knew the following spells:

 Your Spells              Type           Power      Damage    Failure   Level
a - Sandblast             Erth           36%        2d10      2%          1
b - Stone Arrow           Conj/Erth      24%        3d8       16%         3

Your spell library contained the following spells:

 Spells                   Type           Power      Damage    Failure   Level
 Passwall                 Tmut/Erth      9%         N/A       9%          2
 Petrify                  Tmut/Erth      11%        N/A       50%         4
 Lee's Rapid Deconstruct  Erth           9%         3d8*      58%         5


Dungeon Overview and Level Annotations

Branches:
Dungeon (2/15)

Altars:


Innate Abilities, Weirdness & Mutations

You are immune to sickness and miasma.
Your stone body is resilient. (AC +3)
You are immune to poison.
You resist negative energy. (rN+)
You are resistant to electric shocks. (rElec)
You are resistant to unholy torment.
You are immune to petrification.


Message History

The gnoll hits you with a +0 flail!
The blast of sand hits the gnoll.
The gnoll is moderately wounded.
The gnoll hits you with a +0 flail!
* * * LOW HITPOINT WARNING * * *
You are too injured to fight recklessly!
Casting: Sandblast (safe; 2% risk of failure)
Confirm with . or Enter, or press ? or * to list all spells.
Aiming: Sandblast (safe; 2% risk of failure)
Press: ? - help, Shift-Dir - straight line, f/p - gnoll
Aim: a gnoll, wielding a +0 flail and wearing a +0 ring mail (moderately wounded, 85% to hit)
The blast of sand hits the gnoll.
The gnoll is severely wounded.
The gnoll hits you with a +0 flail.
* * * LOW HITPOINT WARNING * * *
Casting: Sandblast (safe; 2% risk of failure)
Confirm with . or Enter, or press ? or * to list all spells.
Aiming: Sandblast (safe; 2% risk of failure)
Press: ? - help, Shift-Dir - straight line, f/p - gnoll
Aim: a gnoll, wielding a +0 flail and wearing a +0 ring mail (severely wounded, 85% to hit)
The blast of sand hits the gnoll.
The gnoll is severely wounded.
The gnoll completely misses you.
Casting: Sandblast (safe; 2% risk of failure)
Confirm with . or Enter, or press ? or * to list all spells.
Aiming: Sandblast (safe; 2% risk of failure)
Press: ? - help, Shift-Dir - straight line, f/p - gnoll
Aim: a gnoll, wielding a +0 flail and wearing a +0 ring mail (severely wounded, 85% to hit)
The blast of sand misses the gnoll.
The gnoll hits you with a +0 flail.
* * * LOW HITPOINT WARNING * * *
Unknown command.
Casting: Sandblast (safe; 2% risk of failure)
Confirm with . or Enter, or press ? or * to list all spells.
Aiming: Sandblast (safe; 2% risk of failure)
Press: ? - help, Shift-Dir - straight line, f/p - gnoll
Aim: a gnoll, wielding a +0 flail and wearing a +0 ring mail (severely wounded, 85% to hit)
The blast of sand hits the gnoll but does no damage.
The gnoll is severely wounded.
The gnoll hits you with a +0 flail!
You die...

####### #....>#
#.....#################
#.....................###
#.....#########.........#
#.....# #.#####.#.#
####.### #g# #.#.#
.......#########@#
###.#.#
.###.............#
#...#.# .#
#..#########..# #.###.#
.# #..# #..# #.# #.# .#
#..# #..# #.# #.# .#
#..## #..###.###.#
.###...### #..##...##.#
.........# #..........#
..####...# #.###...####


You could see a gnoll.

Vanquished Creatures
  An adder (D:2)
  3 dart slugs (D:1)
  3 ball pythons (D:1)
  2 endoplasms (D:1)
  A giant cockroach (D:1)
  4 goblins (D:1)
  5 hobgoblins
  5 jackals (D:1)
  2 kobolds (D:1)
  2 quokkas (D:1)
  A ball python skeleton (D:2)
  3 bats (D:1)
  2 frilled lizards
  A giant cockroach zombie (D:2)
  2 quokka zombies (D:2)
  2 rats
39 creatures vanquished.

Vanquished Creatures (others)
  2 plants (D:1)
  2 withered plants (D:2)
4 creatures vanquished.

Grand Total: 43 creatures vanquished

Notes
Turn   | Place    | Note
-------+----------+-------------------------------------------
     0 | D:1      | deadmanwalking the Gargoyle Earth Elementalist began the
                  | quest for the Orb.
     0 | D:1      | Reached XP level 1. HP: 10/10 MP: 3/3
   184 | D:1      | Reached skill level 4 in Earth Magic
   184 | D:1      | Reached XP level 2. HP: 15/15 MP: 5/5
   732 | D:1      | Reached XP level 3. HP: 17/19 MP: 6/6
   736 | D:1      | Learned a level 3 spell: Stone Arrow
   850 | D:1      | Found a faded altar of an unknown god.
  1788 | D:2      | Reached skill level 1 in Conjurations
  1967 | D:2      | Reached XP level 4. HP: 16/24 MP: 8/8
  2120 | D:1      | HP: 1/24 [gnoll/+0 flail (3)]
  2121 | D:1      | Slain by a gnoll

Illustrated notes

Levels and vault maps discovered:
D:1:      minmay_arrival_plants_in_alcoves, layout_loops_ring,
          ebering_ecumenical_altar_box
D:2:      layout_loops_ring, serial_undead, serial_undead_f, serial_undead_b,
          serial_undead_e, serial_undead_d, serial_undead_a, serial_undead_e,
          serial_undead_d, serial_undead_e, serial_undead_d, serial_undead_e

Skill      XL: |  1  2  3 |
---------------+----------+-----
Earth Magic    | 4 |  4.6
Conjurations   | 1 |  1.1
Dodging        | |  1.5
Stealth        | |  2.1
Spellcasting   | |  2.9
Transmutations | |  0.7

Action                   |  1- 3 |  4- 6 || total
-------------------------+-------+-------++-------
Melee: Dagger            |   166 |       ||   166
Throw: Stone             |     2 |       ||     2
       Dart              |       |     1 ||     1
 Cast: Sandblast         |    13 |     7 ||    20
 Stab: Sleeping          |     2 |       ||     2
Armor: Robe              |    41 |       ||    41
Dodge: Dodged            |   106 |     2 ||   108

Table legend: (Time is in decaauts)
 A = Elapsed time spent in this place.
 B = Non-inter-level travel time spent in this place.
 C = Inter-level travel time spent in this place.
 D = Time resting spent in this place.
 E = Time spent auto-exploring this place.
 F = Levels seen in this place.
 G = Mean time per level.
                   A        B        C        D        E       F      G
               +--------+--------+--------+--------+--------+-----+--------+
         Total |   2122 |   2035 |     87 |      0 |   1637 |   2 | 1061.0 |
       Dungeon |   2122 |   2035 |     87 |      0 |   1637 |   2 | 1061.0 |
               +--------+--------+--------+--------+--------+-----+--------+

Top non-repeatable levels by time:
     D:1: 1788 daAuts
     D:2: 334 daAuts
